 Dungeon Crawl Stone Soup version 0.25-a0-930-g9f5dfa9815 (webtiles) character file.

Game seed: 3058906949338987138, levelgen mode: deterministic

3200 Hasart the Magician (level 9, 0/45 HPs)
             Began as a Deep Elf Wizard on May 3, 2020.
             Was an Initiate of Vehumet.
             Slain by a killer bee (9 damage)
             ... on level 8 of the Dungeon.
             The game lasted 00:31:15 (12371 turns).

Hasart the Magician (Deep Elf Wizard)              Turns: 12371, Time: 00:31:16

Health: 0/45       AC:  6    Str:  4    XL:     9   Next: 64%
Magic:  11/31      EV: 15    Int: 27    God:    Vehumet [......]
Gold:   378        SH:  0    Dex: 13    Spells: 15/23 levels left

rFire    + . .     SeeInvis .   I - +4 quarterstaff (protect)
rCold    . . .     Gourm    .   (shield currently unavailable)
rNeg     . . .     Faith    .   t - +2 robe {MR+}
rPois    .         Spirit   .   g - +0 helmet
rElec    .         Reflect  .   (no cloak)
rCorr    .         Harm     .   b - +0 pair of gloves (curse)
MR       +....                  (no boots)
Stlth    ++........             (no amulet)
HPRegen  0.15/turn              r - ring of protection from fire
MPRegen  0.22/turn              E - ring of magical power

@: no status effects
A: no striking features
a: Renounce Religion


You were on level 8 of the Dungeon.
You worshipped Vehumet.
Vehumet was noncommittal.
You were very hungry.

You visited 2 branches of the dungeon, and saw 9 of its levels.

You collected 378 gold pieces.

Inventory:

Hand Weapons
 I - a +4 quarterstaff of protection (weapon)
Armour
 b - a cursed +0 pair of gloves (worn)
 g - a +0 helmet (worn)
 t - a +2 robe of magic resistance (worn)
Jewellery
 a - an uncursed ring of ice
 r - a ring of protection from fire (left hand)
 A - an uncursed ring of positive energy
 E - a ring of magical power (right hand)
Wands
 u - a wand of polymorph (29)
 B - a wand of acid (11)
 F - a wand of disintegration (6)
Scrolls
 c - a scroll of noise {unknown}
 e - 16 scrolls of identify {unknown}
 f - a scroll of enchant weapon {unknown}
 i - 4 scrolls of magic mapping {unknown}
 k - 5 scrolls of remove curse {unknown}
 l - 2 scrolls of fog {unknown}
 p - 3 scrolls of amnesia {unknown}
 q - a scroll of fear {unknown}
 s - 4 scrolls of teleportation {unknown}
 v - a scroll of enchant armour {unknown}
 x - a scroll of random uselessness {unknown}
 y - a scroll of immolation {unknown}
 D - a scroll of vulnerability {unknown}
Potions
 h - a potion of might {unknown}
 j - a potion of degeneration {unknown}
 m - a potion of ambrosia {unknown}
 n - 2 potions of curing
 o - a potion of haste {unknown}
 z - 2 potions of brilliance {unknown}
 C - a potion of mutation {unknown}
 G - a potion of heal wounds {unknown}
 H - a potion of cancellation {unknown}
Comestibles
 d - 9 rations


   Skills:
 + Level 0.7 Staves
 + Level 6.4 Dodging
 - Level 2.4 Stealth
 + Level 7.9 Spellcasting
 * Level 7.6 Conjurations
 + Level 5.0 Summonings
 - Level 4.0 Translocations
 - Level 4.0 Air Magic
 - Level 4.0 Poison Magic
 + Level 4.4 Evocations


You had 15 spell levels left.
You knew the following spells:

 Your Spells              Type           Power        Failure   Level  Hunger
a - Magic Dart            Conj           ####         1%          1    None
b - Call Imp              Summ           #####...     1%          2    None
c - Blink                 Tloc           N/A          1%          2    None
d - Mephitic Cloud        Conj/Pois/Air  #####...     1%          3    None

Your spell library contained the following spells:

 Spells                   Type           Power        Failure   Level  Hunger
 Conjure Flame            Conj/Fire      ####....     3%          3    None
 Slow                     Hex            ##......     9%          2    None
 Summon Lightning Spire   Summ/Air       #####...     9%          4    ##.....
 Shadow Creatures         Summ           N/A          71%         6    ######.
 Ignition                 Fire           ##........   100%        8    #######


Dungeon Overview and Level Annotations

Branches:
Dungeon (8/15)             Temple (1/1) D:7
   Lair: D:8-11

Altars:
Ashenzari
Cheibriados
Dithmenos
Elyvilon
Fedhas
Gozag
Hepliaklqana
Kikubaaqudgha
Makhleb
Nemelex Xobeh
Okawaru
Qazlal
Ru
Sif Muna
Trog
Uskayaw
Vehumet
Wu Jian
Xom
Yredelemnul
Zin
The Shining One

Shops:
D:5 %

Annotations:
D:4 1 runed translucent door


Message History

Confirm with . or Enter, or press ? or * to list all spells.
A beastly little devil appears in a puff of flame.
The vampire mosquito barely misses you. The vampire mosquito misses you.
Casting: Call Imp (safe; 1% risk of failure)
Confirm with . or Enter, or press ? or * to list all spells.
Aiming: Magic Dart (safe; 1% risk of failure)
Press: ? - help, Shift-Dir - straight line, f/p - vampire mosquito
Aim: a vampire mosquito (severely damaged)
The magic dart hits the vampire mosquito.
The vampire mosquito is almost destroyed.
The vampire mosquito completely misses you.
Your crimson imp blinks!
The vampire mosquito barely misses you.
The vampire mosquito closely misses you.
The vampire mosquito misses you.
Your crimson imp blinks!
The vampire mosquito misses your crimson imp.
The killer bee barely misses you.
Your crimson imp hits the killer bee.
The killer bee stings you!
You die...

#..#.............#.#
#........#.#######.#
###.########.# #.# ##5#.# ##'##
#.# ### ##5#..# ##...## #.# ..
#.###.# ##.....## #.# #. ##.#.##
##.......## #.#
.#.#.#######..5####.........###..
[.......†.....yy@.'.....55555555.
.#.#.#######...####....)....###..
... #..## ##.......##.... #.##
######§#### ##.....###.#.# #.
#.........# ##...## #.#.# .
#>###..##.# ##'## #.#.# # #.#
#.###.# #.# #.#.# #.###.###.####
#.# #.... #............# ##.##
###.#


You could see a vampire mosquito, a killer bee and a friendly crimson imp.

Vanquished Creatures
  Pikel (D:5)
  Joseph (D:7)
  A hornet (D:8)
  Sigmund (D:3)
  A vampire mosquito (D:8)
  3 black bears
  4 slaves (D:5)
  2 ice beasts
  A phantom (D:5)
  An orc warrior (D:6)
  2 ogres
  A centaur (D:5)
  A big kobold (D:7)
  A bullfrog (D:7)
  3 scorpions
  3 killer bees (D:8)
  3 wights (D:8)
  A howler monkey (D:6)
  2 crimson imps
  A centaur zombie (D:7)
  An orc priest (D:6)
  2 bullfrog skeletons
  A hound (D:7)
  A centaur skeleton (D:6)
  2 iguanas
  2 orc wizards
  A worker ant (D:6)
  A worker ant zombie (D:2)
  7 adders
  7 gnolls
  A shadow imp (D:2)
  An ooze (D:1)
  An adder skeleton (D:2)
  4 worms
  A dart slug (D:3)
  A leopard gecko (D:3)
  13 orcs
  3 ball pythons
  A bat zombie (D:2)
  4 giant cockroaches
  6 goblins
  5 hobgoblins
  13 jackals
  2 quokkas
  A ball python skeleton (D:2)
  7 bats
  4 frilled lizards
  A giant cockroach zombie (D:2)
  A jackal skeleton (D:6)
  A jackal zombie (D:7)
  12 kobolds
  A leopard gecko skeleton (D:2)
  2 quokka skeletons
  A quokka zombie (D:2)
  4 rats
150 creatures vanquished.

Vanquished Creatures (collateral kills)
  Menkaure (D:6)
  An orc priest (D:3)
  An adder (D:6)
  2 orcs (D:3)
  A jackal (D:1)
6 creatures vanquished.

Grand Total: 156 creatures vanquished

Notes
Turn   | Place    | Note
-------+----------+-------------------------------------------
     0 | D:1      | Hasart the Deep Elf Wizard began the quest for the Orb.
     0 | D:1      | Reached XP level 1. HP: 10/10 MP: 7/7
   132 | D:1      | Reached XP level 2. HP: 14/15 MP: 0/9
  1282 | D:2      | Reached XP level 3. HP: 19/19 MP: 4/11
  1364 | D:1      | Learned a level 2 spell: Blink
  1367 | D:1      | Learned a level 2 spell: Call Imp
  1818 | D:2      | Reached skill level 5 in Spellcasting
  1856 | D:2      | Reached XP level 4. HP: 24/24 MP: 7/13
  2199 | D:2      | Learned a level 3 spell: Mephitic Cloud
  2715 | D:3      | Noticed Sigmund
  2997 | D:3      | Killed Sigmund
  2997 | D:3      | Reached skill level 1 in Air Magic
  2997 | D:3      | Reached skill level 1 in Poison Magic
  2997 | D:3      | Reached XP level 5. HP: 4/28 MP: 0/14
  2997 | D:3      | Reached XP level 6. HP: 4/32 MP: 0/16
  3271 | D:3      | Found a burning altar of Makhleb.
  4382 | D:4      | Found a glowing silver altar of Zin.
  4382 | D:4      | Found a runed translucent door.
  4382 | D:4      | Noticed an angel
  4905 | D:5      | Entered Level 5 of the Dungeon
  4920 | D:5      | HP: 1/32 [phantom (6)]
  5250 | D:5      | Reached skill level 1 in Evocations
  5250 | D:5      | Reached XP level 7. HP: 22/36 MP: 1/17
  5653 | D:5      | Found Uxupniej's Food Shop.
  5809 | D:5      | Noticed Pikel
  6633 | D:5      | Killed Pikel
  6633 | D:5      | Reached skill level 5 in Conjurations
  6633 | D:5      | Reached XP level 8. HP: 33/41 MP: 1/19
  7347 | D:6      | Reached skill level 5 in Dodging
  7468 | D:6      | Found a radiant altar of Vehumet.
  7630 | D:6      | Identified Sif Muna's Catalogue of Blistering Companions
  7634 | D:6      | Noticed Menkaure
  7643 | D:6      | Killed Menkaure
  8236 | D:6      | Found an ancient bone altar of Kikubaaqudgha.
  8237 | D:6      | Found a shadowy altar of Dithmenos.
  9426 | D:7      | Reached XP level 9. HP: 28/45 MP: 14/21
  9855 | D:7      | Found a staircase to the Ecumenical Temple.
  9864 | Temple   | Entered the Ecumenical Temple
 10135 | D:6      | Became a worshipper of Vehumet
 10606 | D:7      | Noticed Joseph
 11012 | D:7      | Killed Joseph
 12340 | D:8      | Reached skill level 5 in Summonings
 12371 | D:8      | Slain by a killer bee

Levels and vault maps discovered:
D:1:      denvon_arrival_planthouse, layout_loops_corners
D:2:      layout_rooms, serial_undead, serial_undead_a, serial_undead_a,
          serial_undead_a, serial_undead_d
D:3:      lemuel_upstairs_altar, layout_rooms, overflow_temple_1_default,
          kennysheep_generic_room_8, uniq_sigmund
D:4:      layout_layer_cave, first_ration, lemuel_angel_altar
D:5:      layout_loops_ring, serial_shops, shop_fountains, uniq_pikel
D:6:      black_bear_nest_1, layout_basic, nicolae_overflow_hidden_temple,
          serial_rivers, chequers_serial_rivers_small_a,
          chequers_serial_rivers_large_b, chequers_serial_rivers_large_a,
          chequers_serial_rivers_marsh, chequers_serial_rivers_small_b,
          minivault_5, uniq_menkaure
D:7:      layout_gridville, minmay_temple_entry_tees, st_stairs_12, uniq_joseph
D:8:      layout_loops_corners
Temple:   dpeg_five_rooms_temple

Skill      XL: |  1  2  3  4  5  6  7  8  9 |
---------------+----------------------------+-----
Conjurations   | 2 3 4 5 6 7 |  7.6
Dodging        | 3 4 5 6 |  6.4
Spellcasting   | 5 6 7 |  7.9
Summonings     | 2 3 4 5 |  5.0
Translocations | 2 3 4 |  4.0
Air Magic      | 1 2 3 4 |  4.0
Poison Magic   | 1 2 3 4 |  4.0
Evocations     | 1 2 3 4 |  4.4
Staves         | |  0.7
Stealth        | |  2.4

Action                   |  1- 3 |  4- 6 |  7- 9 || total
-------------------------+-------+-------+-------++-------
Melee: Short sword       |     7 |     4 |       ||    11
       Staff             |       |     2 |    20 ||    22
       Quarterstaff      |       |       |    19 ||    19
 Cast: Magic Dart        |    86 |   165 |   389 ||   640
       Call Imp          |     1 |     4 |    32 ||    37
       Mephitic Cloud    |       |     3 |    32 ||    35
       Blink             |       |       |     2 ||     2
Evoke: Wand              |       |       |     3 ||     3
  Use: Potion            |       |     1 |     1 ||     2
 Stab: Sleeping          |     2 |       |       ||     2
       Confused          |       |       |     5 ||     5
  Eat: Chunk             |     1 |     8 |    14 ||    23
       Ration            |       |     1 |     2 ||     3
Armor: Robe              |    19 |     9 |    24 ||    52
Dodge: Dodged            |    64 |    52 |   124 ||   240

Table legend:
 A = Non-vault XP
 B = Vault XP
 C = Vault XP percentage of total XP
 D = Non-vault monster count
 E = Vault monster count
 F = Vault count percentage of total count
                 A         B        C        D         E       F
            +---------+---------+-------+---------+---------+-------
      Total |    3225 |    1347 |  29.5 |     139 |      13 |   8.6
            +---------+---------+-------+---------+---------+-------
        D:1 |      43 |       0 |   0.0 |      24 |       0 |   0.0
        D:2 |      57 |      28 |  32.9 |      18 |       8 |  30.8
        D:3 |      95 |     223 |  70.1 |      24 |       1 |   4.0
        D:4 |     150 |       0 |   0.0 |       6 |       0 |   0.0
        D:5 |     529 |     565 |  51.6 |      13 |       1 |   7.1
        D:6 |     576 |     262 |  31.3 |      18 |       2 |  10.0
        D:7 |     684 |     269 |  28.2 |      20 |       1 |   4.8
        D:8 |    1091 |       0 |   0.0 |      16 |       0 |   0.0
            +---------+---------+-------+---------+---------+-------
